| TOP OF THE 1ST |
|
Greenville Drive batting - Pitching for Bowling Green Hot Rods : LHP Eduardo Lopez
|
|
Pitching: LHP Eduardo Lopez
|
|
|
Batting: RHB Aukukero Tairi
|
0-0: Called Strike 0-1: Ball 1-1: Called Strike 1-2: Strikes out swinging
|
|
Batting: SHB Salvador Padilla
|
0-0: Ball 1-0: Called Strike 1-1: Foul Ball, location: 2F 1-2: Strikes out swinging
|
|
Batting: RHB Adugna Chandu
|
0-0: Swinging Strike 0-1: Foul Ball, location: 2F 0-2: Foul Ball, location: 2F 0-2: Foul Ball, location: 2F 0-2: Foul Ball, location: 2F 0-2: Ball 1-2: Foul Ball, location: 2F 1-2: Ball 2-2: Foul Ball, location: 2F 2-2: Ball 3-2: Base on Balls
|
|
Batting: RHB Alex Cardenas
|
0-0: Called Strike 0-1: SINGLE (Line Drive, 9LM, EV 104.4 MPH) Adugna Chandu to second
|
|
Batting: LHB Kien-lung Zou
|
0-0: SINGLE (Line Drive, 8RS, EV 94.4 MPH) Adugna Chandu to third Alex Cardenas to second Throwing error, E8 Adugna Chandu scores Alex Cardenas to third Kien-lung Zou to second
|
|
Batting: RHB Mario Arriero
|
0-0: Called Strike 0-1: Ground out U3 (Groundball, 34, EV 95.0 MPH)
|
| Top of the 1st over - 1 run, 2 hits, 1 error, 2 left on base; Greenville 1 - Bowling Green 0 |
| BOTTOM OF THE 1ST |
|
Bowling Green Hot Rods batting - Pitching for Greenville Drive : RHP Michael Vazquez
|
|
Pitching: RHP Michael Vazquez
|
|
|
Batting: SHB Luis Verduzco
|
0-0: Fly out, F8 (Flyball, 89M, EV 80.0 MPH)
|
|
Batting: LHB Sean Banks
|
0-0: Foul Ball, location: 2F 0-1: Ball 1-1: Swinging Strike 1-2: Ball 2-2: Ball 3-2: Ground out U3 (Groundball, 34S, EV 86.9 MPH)
|
|
Batting: RHB Dermott Kennelly
|
0-0: Ball 1-0: Ground out U3 (Groundball, 3, EV 109.4 MPH)
|
| Bottom of the 1st over - 0 runs, 0 hits, 0 errors, 0 left on base; Greenville 1 - Bowling Green 0 |
| TOP OF THE 2ND |
|
Greenville Drive batting - Pitching for Bowling Green Hot Rods : LHP Eduardo Lopez
|
|
Batting: SHB Robert Soto
|
0-0: Swinging Strike 0-1: Swinging Strike 0-2: Foul Ball, location: 2F 0-2: Ball 1-2: Fly out, F9 (Line Drive, 89S, EV 98.1 MPH)
|
|
Batting: LHB Robert Gonzalez
|
0-0: Ball 1-0: Ball 2-0: SINGLE (Line Drive, 89S, EV 98.1 MPH)
|
|
Batting: SHB Matsudaira Ikeda
|
0-0: Ball Robert Gonzalez steals 2nd base 1-0: Swinging Strike 1-1: Fly out, F9 (Flyball, 9D, EV 104.4 MPH)
|
|
Batting: RHB Aukukero Tairi
|
0-0: Swinging Strike 0-1: Called Strike 0-2: Foul Ball, location: 2F 0-2: Ball 1-2: Ball 2-2: SINGLE (Line Drive, 56D, EV 94.4 MPH) Robert Gonzalez to third Runner from 3rd tries for Home, SAFE, throw by LF to home
|
|
Batting: SHB Salvador Padilla
|
0-0: Ball Aukukero Tairi steals 2nd base (no throw) 1-0: Foul Ball, location: 2F 1-1: Foul Ball, location: 2F 1-2: Ball 2-2: Ground out 4-3 (Groundball, 4, EV 88.8 MPH)
|
| Top of the 2nd over - 1 run, 2 hits, 0 errors, 1 left on base; Greenville 2 - Bowling Green 0 |
| BOTTOM OF THE 2ND |
|
Bowling Green Hot Rods batting - Pitching for Greenville Drive : RHP Michael Vazquez
|
|
Batting: RHB Tim Dower
|
0-0: Ball 1-0: Swinging Strike 1-1: Ball 2-1: SINGLE (Flyball, 8LS, EV 93.1 MPH)
|
|
Batting: LHB Angel Ruvalcaba
|
0-0: Ball 1-0: DOUBLE (Line Drive, 5D, EV 98.1 MPH) Tim Dower to third
|
|
Batting: RHB Eric Waugaman
|
0-0: Fly out, F4 (Popup, 4, EV 74.4 MPH)
|
|
Batting: RHB Dave Valdez
|
0-0: Ball 1-0: Called Strike 1-1: Swinging Strike Passed Ball! Tim Dower scores Angel Ruvalcaba to third 1-2: Ground out 6-3 (Groundball, 6M, EV 101.2 MPH) Angel Ruvalcaba scores
|
|
Batting: RHB Bogumil Filipowski
|
0-0: Called Strike 0-1: Foul Ball, location: 2F 0-2: Ball 1-2: Ball 2-2: Foul Ball, location: 2F 2-2: Strikes out swinging
|
| Bottom of the 2nd over - 2 runs, 2 hits, 0 errors, 0 left on base; Greenville 2 - Bowling Green 2 |
| TOP OF THE 3RD |
|
Greenville Drive batting - Pitching for Bowling Green Hot Rods : LHP Eduardo Lopez
|
|
Batting: RHB Adugna Chandu
|
0-0: Ball 1-0: Called Strike 1-1: Ball 2-1: Foul Ball, location: 2F 2-2: Foul Ball, location: 2F 2-2: Strikes out swinging
|
|
Batting: RHB Alex Cardenas
|
0-0: Ground out 6-3 (Groundball, 6, EV 85.0 MPH)
|
|
Batting: LHB Kien-lung Zou
|
0-0: Ball 1-0: Called Strike 1-1: Ball 2-1: SINGLE (Line Drive, 9S, EV 106.2 MPH)
|
|
Batting: RHB Mario Arriero
|
Balk! Kien-lung Zou to second 0-0: Ground out 5-3 (Groundball, 56, EV 94.4 MPH)
|
| Top of the 3rd over - 0 runs, 1 hit, 0 errors, 1 left on base; Greenville 2 - Bowling Green 2 |
| BOTTOM OF THE 3RD |
|
Bowling Green Hot Rods batting - Pitching for Greenville Drive : RHP Michael Vazquez
|
|
Batting: LHB Eduardo Lopez
|
0-0: Called Strike 0-1: Called Strike 0-2: Ball 1-2: Strikes out swinging
|
|
Batting: SHB Luis Verduzco
|
0-0: Called Strike 0-1: Called Strike 0-2: Ball 1-2: Foul Ball, location: 2F 1-2: Foul Ball, location: 2F 1-2: Ball 2-2: Foul Ball, location: 2F 2-2: Ground out 4-3 (Groundball, 34, EV 86.9 MPH)
|
|
Batting: LHB Sean Banks
|
0-0: Ball 1-0: Ground out 5-3 (Groundball, 56, EV 109.4 MPH)
|
| Bottom of the 3rd over - 0 runs, 0 hits, 0 errors, 0 left on base; Greenville 2 - Bowling Green 2 |
| TOP OF THE 4TH |
|
Greenville Drive batting - Pitching for Bowling Green Hot Rods : LHP Eduardo Lopez
|
|
Batting: SHB Robert Soto
|
0-0: Ball 1-0: Ball 2-0: Ball 3-0: Base on Balls
|
|
Batting: LHB Robert Gonzalez
|
0-0: Ball 1-0: Swinging Strike 1-1: Ground out 6-3 (Groundball, 4MS, EV 65.6 MPH) Robert Soto to second
|
|
Batting: SHB Matsudaira Ikeda
|
0-0: Ball 1-0: TRIPLE (Flyball, 89XD, EV 98.1 MPH) Robert Soto scores
|
|
Batting: RHB Aukukero Tairi
|
0-0: Ball Wild Pitch! Matsudaira Ikeda scores 1-0: Called Strike 1-1: Ball 2-1: SINGLE (Groundball, 6M, EV 101.9 MPH) (infield hit)
|
|
Batting: SHB Salvador Padilla
|
0-0: Ball 1-0: Ball 2-0: Called Strike 2-1: Ball 3-1: Base on Balls Aukukero Tairi to second
|
|
Batting: RHB Adugna Chandu
|
0-0: Ball 1-0: Ball 2-0: Ball 3-0: Called Strike 3-1: Base on Balls Aukukero Tairi to third Salvador Padilla to second
|
|
Batting: RHB Alex Cardenas
|
0-0: Called Strike 0-1: Ball 1-1: Called Strike 1-2: Strikes out swinging
|
|
Batting: LHB Kien-lung Zou
|
0-0: Called Strike 0-1: Called Strike 0-2: Ball 1-2: Foul Ball, location: 2F 1-2: Ball 2-2: Foul Ball, location: 2F 2-2: Strikes out swinging
|
| Top of the 4th over - 2 runs, 2 hits, 0 errors, 3 left on base; Greenville 4 - Bowling Green 2 |
| BOTTOM OF THE 4TH |
|
Bowling Green Hot Rods batting - Pitching for Greenville Drive : RHP Michael Vazquez
|
|
Batting: RHB Dermott Kennelly
|
0-0: Ball 1-0: Hit by Pitch
|
|
Batting: RHB Tim Dower
|
0-0: Called Strike 0-1: Fly out, F7 (Flyball, 7S, EV 91.9 MPH)
|
|
Batting: LHB Angel Ruvalcaba
|
0-0: Ball 1-0: Foul Ball, location: 2F 1-1: Ball 2-1: Swinging Strike 2-2: Foul Ball, location: 2F 2-2: Ball 3-2: Strikes out swinging Dermott Kennelly is caught stealing 2nd base 2-6 Batter strikes out.
|
| Bottom of the 4th over - 0 runs, 0 hits, 0 errors, 0 left on base; Greenville 4 - Bowling Green 2 |
| TOP OF THE 5TH |
|
Greenville Drive batting - Pitching for Bowling Green Hot Rods : LHP Eduardo Lopez
|
|
Batting: RHB Mario Arriero
|
0-0: Called Strike 0-1: Fly out, F9 (Flyball, 9LS, EV 96.2 MPH)
|
|
Batting: SHB Robert Soto
|
0-0: Ball 1-0: Called Strike 1-1: Foul Ball, location: 2F 1-2: Foul Ball, location: 2F 1-2: Ground out 6-3 (Groundball, 6, EV 103.8 MPH)
|
|
Batting: LHB Robert Gonzalez
|
0-0: Ball 1-0: Fly out, F7 (Line Drive, 7S, EV 90.0 MPH)
|
| Top of the 5th over - 0 runs, 0 hits, 0 errors, 0 left on base; Greenville 4 - Bowling Green 2 |
| BOTTOM OF THE 5TH |
|
Bowling Green Hot Rods batting - Pitching for Greenville Drive : RHP Michael Vazquez
|
|
Batting: RHB Eric Waugaman
|
0-0: Called Strike 0-1: Ball 1-1: Ground out 5-3 (Groundball, 56S, EV 85.6 MPH)
|
|
Batting: RHB Dave Valdez
|
0-0: Swinging Strike 0-1: Swinging Strike 0-2: Foul Ball, location: 2F 0-2: Strikes out swinging
|
|
Batting: RHB Bogumil Filipowski
|
0-0: Ball 1-0: Ball 2-0: Ball 3-0: Called Strike 3-1: Fly out, F9 (Flyball, 9S, EV 88.1 MPH)
|
| Bottom of the 5th over - 0 runs, 0 hits, 0 errors, 0 left on base; Greenville 4 - Bowling Green 2 |
| TOP OF THE 6TH |
|
Greenville Drive batting - Pitching for Bowling Green Hot Rods : LHP Eduardo Lopez
|
|
Batting: SHB Matsudaira Ikeda
|
0-0: Called Strike 0-1: Ball 1-1: Swinging Strike 1-2: Strikes out swinging
|
|
Pitching: RHP Josh O'Neal
|
|
|
Batting: RHB Aukukero Tairi
|
0-0: Ground out 5-3 (Groundball, 56, EV 101.2 MPH)
|
|
Batting: SHB Salvador Padilla
|
0-0: Ground out 6-3 (Groundball, 6S, EV 91.2 MPH)
|
| Top of the 6th over - 0 runs, 0 hits, 0 errors, 0 left on base; Greenville 4 - Bowling Green 2 |
| BOTTOM OF THE 6TH |
|
Bowling Green Hot Rods batting - Pitching for Greenville Drive : RHP Michael Vazquez
|
|
Batting: LHB Eduardo Lopez
|
0-0: Foul Ball, location: 2F 0-1: Ball 1-1: Foul Ball, location: 2F 1-2: Ball 2-2: Strikes out looking
|
|
Batting: SHB Luis Verduzco
|
0-0: Ball 1-0: Swinging Strike 1-1: Foul Ball, location: 2F 1-2: Ball 2-2: Foul Ball, location: 2F 2-2: Ball 3-2: Ground out 5-3 (Groundball, 5, EV 85.6 MPH)
|
|
Batting: LHB Sean Banks
|
0-0: Ball 1-0: Foul Ball, location: 2F 1-1: Ball 2-1: Ground out 6-3 (Groundball, 6M, EV 83.1 MPH)
|
| Bottom of the 6th over - 0 runs, 0 hits, 0 errors, 0 left on base; Greenville 4 - Bowling Green 2 |
| TOP OF THE 7TH |
|
Greenville Drive batting - Pitching for Bowling Green Hot Rods : RHP Josh O'Neal
|
|
Batting: RHB Adugna Chandu
|
0-0: Called Strike 0-1: Ground out 4-3 (Groundball, 4, EV 101.2 MPH)
|
|
Batting: RHB Alex Cardenas
|
0-0: Ball 1-0: Foul Ball, location: 2F 1-1: DOUBLE (Flyball, 8LXD, EV 96.2 MPH)
|
|
Batting: LHB Kien-lung Zou
|
0-0: Ball 1-0: Foul Ball, location: 2F 1-1: Called Strike 1-2: Ground out 5-3 (Groundball, 6, EV 86.9 MPH)
|
|
Batting: RHB Mario Arriero
|
0-0: Swinging Strike 0-1: 2-RUN HOME RUN (Flyball, 9LD, EV 96.2 MPH), Distance : 391 ft
|
|
Batting: SHB Robert Soto
|
0-0: Ground out 5-3 (Groundball, 6, EV 93.8 MPH)
|
| Top of the 7th over - 2 runs, 2 hits, 0 errors, 0 left on base; Greenville 6 - Bowling Green 2 |
| BOTTOM OF THE 7TH |
|
Bowling Green Hot Rods batting - Pitching for Greenville Drive : RHP Michael Vazquez
|
|
Batting: RHB Dermott Kennelly
|
0-0: Ball 1-0: Called Strike 1-1: Foul Ball, location: 2F 1-2: Fly out, F8 (Flyball, 78M, EV 88.8 MPH)
|
|
Batting: RHB Tim Dower
|
0-0: Ball 1-0: Foul Ball, location: 2F 1-1: Foul Ball, location: 2F 1-2: Foul Ball, location: 2F 1-2: Foul Ball, location: 2F 1-2: Fly out, F9 (Flyball, 89S, EV 91.2 MPH)
|
|
Batting: LHB Angel Ruvalcaba
|
0-0: DOUBLE (Line Drive, 78M, EV 103.8 MPH)
|
|
Pitching: LHP Eddie Contreras
|
|
|
Batting: RHB Eric Waugaman
|
0-0: Called Strike 0-1: Ball 1-1: Ground out 5-3 (Groundball, 56, EV 84.4 MPH)
|
| Bottom of the 7th over - 0 runs, 1 hit, 0 errors, 1 left on base; Greenville 6 - Bowling Green 2 |
| TOP OF THE 8TH |
|
Greenville Drive batting - Pitching for Bowling Green Hot Rods : RHP Josh O'Neal
|
|
Batting: LHB Robert Gonzalez
|
0-0: Ball 1-0: Ball 2-0: Swinging Strike 2-1: Ball 3-1: Base on Balls
|
|
Batting: SHB Matsudaira Ikeda
|
0-0: Ball Robert Gonzalez steals 2nd base 1-0: Swinging Strike 1-1: Ball 2-1: Foul Ball, location: 2F 2-2: Strikes out looking
|
|
Batting: RHB Aukukero Tairi
|
0-0: Called Strike 0-1: Ball 1-1: Ground out 5-3 (Groundball, 56, EV 106.9 MPH)
|
|
Batting: SHB Salvador Padilla
|
0-0: Called Strike 0-1: Foul Ball, location: 2F 0-2: Foul Ball, location: 2F 0-2: Ball 1-2: Fly out, F9 (Flyball, 89D, EV 100.0 MPH)
|
| Top of the 8th over - 0 runs, 0 hits, 0 errors, 1 left on base; Greenville 6 - Bowling Green 2 |
| BOTTOM OF THE 8TH |
|
Bowling Green Hot Rods batting - Pitching for Greenville Drive : LHP Eddie Contreras
|
|
Batting: RHB Dave Valdez
|
0-0: Ball 1-0: Called Strike 1-1: Swinging Strike 1-2: Ball 2-2: Strikes out swinging
|
|
Batting: RHB Bogumil Filipowski
|
0-0: Foul Ball, location: 2F 0-1: Foul Ball, location: 2F 0-2: Ball 1-2: Ground out 5-3 (Groundball, 56, EV 85.6 MPH)
|
|
Batting: RHB Mark Richert
|
0-0: Ball 1-0: Swinging Strike 1-1: Called Strike 1-2: Hit by Pitch
|
|
Batting: SHB Luis Verduzco
|
0-0: Ball 1-0: Called Strike 1-1: Foul Ball, location: 2F 1-2: Strikes out swinging
|
| Bottom of the 8th over - 0 runs, 0 hits, 0 errors, 1 left on base; Greenville 6 - Bowling Green 2 |
| TOP OF THE 9TH |
|
Greenville Drive batting - Pitching for Bowling Green Hot Rods : RHP Josh O'Neal
|
|
Pitching: LHP Ryan Folks
|
|
|
Batting: RHB Adugna Chandu
|
0-0: Called Strike 0-1: Foul Ball, location: 2F 0-2: Ball 1-2: Fly out, F9 (Flyball, 89D, EV 104.4 MPH)
|
|
Batting: RHB Alex Cardenas
|
0-0: Ball 1-0: Ball 2-0: Called Strike 2-1: Ground out 6-3 (Groundball, 6M, EV 105.0 MPH)
|
|
Batting: LHB Kien-lung Zou
|
0-0: Ball 1-0: Called Strike 1-1: Foul Ball, location: 2F 1-2: Strikes out swinging
|
| Top of the 9th over - 0 runs, 0 hits, 0 errors, 0 left on base; Greenville 6 - Bowling Green 2 |
| BOTTOM OF THE 9TH |
|
Bowling Green Hot Rods batting - Pitching for Greenville Drive : LHP Eddie Contreras
|
|
Pitching: LHP Josh Turner
|
|
|
Batting: LHB Sean Banks
|
0-0: Called Strike 0-1: Ball 1-1: Hit by Pitch
|
|
Batting: RHB Dermott Kennelly
|
0-0: Ball 1-0: Ball 2-0: Ball 3-0: Base on Balls Sean Banks to second
|
|
Batting: RHB Tim Dower
|
0-0: Called Strike 0-1: Grounds into double play, 6-4-3 (Groundball, 6, EV 85.0 MPH) Sean Banks to third
|
|
Batting: LHB Angel Ruvalcaba
|
0-0: Ground out 3-1 (Groundball, 13, EV 88.8 MPH)
|
| Bottom of the 9th over - 0 runs, 0 hits, 0 errors, 1 left on base; Greenville 6 - Bowling Green 2 |
|